 Dungeon Crawl Stone Soup version 0.32-a0-17-gb74e046682 (webtiles) character file.

Game seed: 5024030193067263639

1432 CowFu the Cleaver (level 8, -2/62 HPs)
             Began as a Hill Orc Reaver on Jan 16, 2024.
             Was an Initiate of Dithmenos.
             Slain by Duvessa
             ... wielding a +7 short sword of venom
              (9 damage)
             ... on level 6 of the Dungeon.
             The game lasted 00:08:04 (5598 turns).

CowFu the Cleaver (Hill Orc Reaver)                 Turns: 5598, Time: 00:08:04

Health: -2/62      AC: 15    Str: 17    XL:     8   Next: 73%
Magic:  10/10      EV:  5    Int: 13    God:    Dithmenos [......]
Gold:   270        SH:  0    Dex:  9    Spells: 7/10 levels left

rFire   . . .        a - +1 hand axe (flame)
rCold   . . .        (no shield)
rNeg    . . .        s - +3 plate armour
rPois   .            (no helmet)
rElec   .            (no cloak)
rCorr   .            l - +0 pair of gloves
SInv    .            x - +0 pair of boots
Will    +....        A - amulet of regeneration Stlth
                     k - ring of willpower
HPRegen 1.10/turn    r - ring of flight
MPRegen 0.12/turn

%: no passive effects
@: lethally poisoned (-2 -> -13), flying
A: no striking features
a: Renounce Religion


You were on level 6 of the Dungeon.
You worshipped Dithmenos.
Dithmenos was noncommittal.
You visited 2 branches of the dungeon, and saw 7 of its levels.

You collected 378 gold pieces.
You spent 108 gold pieces at shops.

Inventory:

Hand Weapons
 a - a +1 hand axe of flaming (weapon)
Missiles
 m - 2 throwing nets
Armour
 l - a +0 pair of gloves (worn)
 s - a +3 plate armour (worn)
 x - a +0 pair of boots (worn)
Jewellery
 b - an amulet of reflection
 i - a +6 ring of intelligence
 k - a ring of willpower (left hand)
 r - a ring of flight (right hand)
 A - an amulet of regeneration (around neck)
Scrolls
 c - 2 scrolls of fear
 d - 3 scrolls of noise
 f - a scroll of enchant weapon
 g - 3 scrolls of summoning
 j - 3 scrolls of amnesia
 y - a scroll of acquirement {unknown}
 z - a scroll of fog
Potions
 e - 2 potions of mutation
 n - a potion of haste
 o - a potion of might
 p - a potion of enlightenment {unknown}
 q - 2 potions of curing
 t - 2 potions of magic {unknown}
 u - a potion of resistance {unknown}
 v - a potion of cancellation {unknown}
 w - a potion of lignification {unknown}


   Skills:
 + Level 2.4 Fighting
 - Level 14.0 Axes
 + Level 0.1 Armour
 - Level 1.6 Dodging
 - Level 1.5 Spellcasting
 - Level 3.0 Conjurations


You had 7 spell levels left.
You knew the following spells:

 Your Spells              Type           Power      Damage    Failure   Level
a - Kiss of Death         Conj/Necr      16%        2d6       100%        1
b - Momentum Strike       Conj/Tloc      8%         3d8       100%        2

Your spell library contained the following spells:

 Spells                   Type           Power      Damage    Failure   Level
 Shock                    Conj/Air       16%        1d4       100%        1
 Sting                    Conj/Alch      16%        1d4       100%        1
 Blink                    Tloc           2%         N/A       100%        2
 Ensorcelled Hibernation  Hex/Ice        2%         N/A       100%        2
 Lesser Beckoning         Tloc           2%         N/A       100%        2
 Mercury Vapours          Alch/Air       2%         N/A       100%        2
 Hailstorm                Conj/Ice       4%         3d5       100%        3
 Passwall                 Erth           1%         N/A       100%        3
 Swiftness                Air            1%         N/A       100%        3
 Airstrike                Air            0%         2d(1-17)  100%        4
 Olgreb's Toxic Radiance  Alch           1%         N/A       100%        4


Dungeon Overview and Level Annotations

Branches:
Dungeon (6/15)             Temple (1/1) D:6

Altars:
Ashenzari
Dithmenos
Elyvilon
Kikubaaqudgha
Makhleb
Nemelex Xobeh
Okawaru
Qazlal
Ru
Sif Muna
Trog
Uskayaw
Vehumet
Xom
Yredelemnul
Zin

Shops:
D:4 *

Annotations:
D:6 Duvessa


Message History

You are too injured to fight recklessly!
You slash Duvessa! You burn Duvessa.
Duvessa is moderately wounded.
You feel very sick. Duvessa hits you but does no damage.
You are more poisoned.
You feel better. Duvessa barely misses you.
Duvessa hits you with a +7 short sword of venom!
* * * LOW HITPOINT WARNING * * *
You hit Duvessa. You burn Duvessa.
Duvessa is heavily wounded.
Duvessa hits you with a +7 short sword of venom.
* * * LOW HITPOINT WARNING * * *
You are poisoned.
You feel much better.
You feel sick.
Duvessa hits you with a +7 short sword of venom!
You are more poisoned.
You hit Duvessa. You burn Duvessa.
Duvessa is heavily wounded.
You feel very sick.
Duvessa hits you with a +7 short sword of venom!
* * * LOW HITPOINT WARNING * * *
You feel much better.
You feel very sick.
Duvessa hits you with a +7 short sword of venom!
* * * LOW HITPOINT WARNING * * *
You are lethally poisoned!
Duvessa hits you with a +7 short sword of venom.
* * * LOW HITPOINT WARNING * * *
You are more poisoned.
You feel much better.
You feel extremely sick.
Duvessa hits you with a +7 short sword of venom!
* * * LOW HITPOINT WARNING * * *
You feel better.
Duvessa hits you with a +7 short sword of venom!
* * * LOW HITPOINT WARNING * * *
You are lethally poisoned!
Duvessa hits you with a +7 short sword of venom!
You die...

†'..§.......#.#
#.# .#
.##≈§≈≈≈≈.###.#
#.. .
8###≈≈≈§≈####.#
#### ## ##
##≈≈###....# .#
#### ####.#
#.## #.# #...##
## #.# .....#
..
#.####$....#.
#.#.#.@e.......
#.....##.....#.
###.### ....!#
#.# ##.### #.#
.# ... # .#. #.
. .! ##


You could see Duvessa (berserk).

Vanquished Creatures
  Sigmund (D:4)
  A water moccasin (D:4)
  A sky beast (D:5)
  A black bear (D:5)
  A phantom (D:5)
  Dowan (D:6)
  2 bombardier beetles (D:5)
  A jelly (D:5)
  An orc priest (D:6)
  A gnoll bouda (D:4)
  6 hounds
  3 sleepcaps
  3 orc wizards
  4 iguanas
  7 gnolls (D:4)
  11 adders
  2 dart slugs (D:2)
  11 orcs
  2 ball pythons
  10 bats
  8 endoplasms
  7 giant cockroaches
  9 goblins
  3 hobgoblins
  8 kobolds
  3 quokkas
  3 frilled lizards
  6 rats
117 creatures vanquished.

Vanquished Creatures (others)
  A human (D:5)
1 creature vanquished.

Grand Total: 118 creatures vanquished

Notes
Turn   | Place    | Note
-------+----------+-------------------------------------------
     0 | D:1      | CowFu the Hill Orc Reaver began the quest for the Orb.
     0 | D:1      | Reached XP level 1. HP: 18/18 MP: 3/3
   145 | D:1      | Reached XP level 2. HP: 14/25 MP: 4/4
   148 | D:1      | Learned a level 2 spell: Momentum Strike
   369 | D:1      | Reached skill level 5 in Axes
   425 | D:1      | You fall into a shaft and drop 1 floor!
   716 | D:1      | Reached XP level 3. HP: 30/30 MP: 5/5
  1397 | D:2      | Reached skill level 6 in Axes
  1548 | D:2      | Reached XP level 4. HP: 37/37 MP: 6/6
  2117 | D:3      | Reached skill level 7 in Axes
  2514 | D:3      | Reached XP level 5. HP: 27/42 MP: 7/7
  2982 | D:4      | Found Viklet's General Store.
  2985 | D:4      | Bought a potion of heal wounds for 60 gold pieces
  2985 | D:4      | Bought a potion of might for 48 gold pieces
  3144 | D:4      | Noticed Sigmund
  3154 | D:4      | Killed Sigmund
  3155 | D:4      | Reached skill level 9 in Axes
  3155 | D:4      | Reached XP level 6. HP: 36/50 MP: 8/8
  3386 | D:4      | Noticed a water moccasin
  3400 | D:4      | Killed a water moccasin
  3401 | D:4      | Reached skill level 10 in Axes
  3401 | D:4      | Reached XP level 7. HP: 35/56 MP: 9/9
  3752 | D:4      | Found a bloodstained altar of Trog.
  4078 | D:5      | Entered Level 5 of the Dungeon
  4132 | D:5      | Reached skill level 11 in Axes
  4522 | D:5      | Found a glowing silver altar of Zin.
  4636 | D:5      | Reached skill level 12 in Axes
  4636 | D:5      | Reached XP level 8. HP: 34/62 MP: 10/10
  4792 | D:5      | Found an ancient bone altar of Kikubaaqudgha.
  5306 | D:5      | Reached skill level 13 in Axes
  5496 | D:6      | Found a staircase to the Ecumenical Temple.
  5506 | Temple   | Found a transporter.
  5506 | Temple   | Found a transporter.
  5506 | Temple   | Found a transporter.
  5506 | Temple   | Found a transporter.
  5506 | Temple   | Entered the Ecumenical Temple
  5528 | Temple   | Became a worshipper of Dithmenos the Shadowed
  5572 | D:6      | Noticed Dowan
  5573 | D:6      | Noticed Duvessa
  5582 | D:6      | Killed Dowan
  5583 | D:6      | Reached skill level 14 in Axes
  5598 | D:6      | Slain by Duvessa

Illustrated notes

Levels and vault maps discovered:
D:1:      lightli_arrival_lavapool, layout_loops_corners, minmay_tetromino_l4
D:2:      layout_basic, nicolae_half_adder
D:3:      layout_basic, ebering_dispersal_statue_hall
D:4:      layout_basic, trog_butcher_becter, serial_shops, shop,
          dreamdust_gnoll_farm, uniq_sigmund
D:5:      layout_basic, kennysheep_little_box, tgw_kikubaaqudgha,
          kennysheep_generic_room_11
D:6:      minmay_cornered_nines, layout_loops_ring, minmay_temple_entry_fiery,
          uniq_crazy_yiuf_cottage, uniq_duvessa
Temple:   hellmonk_temple_divided_pantheon

Skill      XL: |  1  2  3  4  5  6  7  8 |
---------------+-------------------------+-----
Axes           | 5 6 7 9 10 12 14 | 14.0
Fighting       | |  2.4
Armour         | |  0.1
Dodging        | |  1.6
Spellcasting   | |  1.5
Conjurations   | |  3.0

Action                     |  1- 3 |  4- 6 |  7- 9 || total
---------------------------+-------+-------+-------++-------
  Melee: Hand axe          |   111 |   145 |   237 ||   493
         Punch             |     1 |       |     2 ||     3
    Use: Scroll            |       |    14 |     2 ||    16
         Potion            |       |     1 |     5 ||     6
 Armour: Leather armour    |    70 |     9 |       ||    79
         Plate armour      |       |    92 |   139 ||   231
  Dodge: Dodged            |    59 |    37 |    24 ||   120
  Block: Other             |       |    21 |    23 ||    44

Table legend: (Time is in decaauts)
 A = Elapsed time spent in this place.
 B = Non-inter-level travel time spent in this place.
 C = Inter-level travel time spent in this place.
 D = Time resting spent in this place.
 E = Time spent auto-exploring this place.
 F = Levels seen in this place.
 G = Mean time per level.
                   A        B        C        D        E       F      G
               +--------+--------+--------+--------+--------+-----+--------+
         Total |   5515 |   5284 |    231 |      0 |   4352 |   7 |  787.9 |
       Dungeon |   5476 |   5259 |    217 |      0 |   4352 |   6 |  912.7 |
        Temple |     38 |     24 |     14 |      0 |      0 |   1 |   38.0 |
               +--------+--------+--------+--------+--------+-----+--------+

Top non-repeatable levels by time:
     D:5: 1241 daAuts
     D:4: 1111 daAuts
     D:1: 1002 daAuts
     D:3: 995 daAuts
     D:2: 948 daAuts
     D:6: 178 daAuts
  Temple: 38 daAuts
